 Dungeon Crawl Stone Soup version 0.29-a0-284-gf9362112df (webtiles) character file.

Game seed: 10450954776284896509

19 yunder69 the Skirmisher (level 2, 27/27 HPs)
             Began as a Minotaur Berserker on Mar 26, 2022.
             Was a Follower of Trog.
             Quit the game on level 1 of the Dungeon.
             The game lasted 00:02:22 (761 turns).

yunder69 the Skirmisher (Minotaur Berserker)         Turns: 761, Time: 00:02:22

Health: 27/27      AC: 11    Str: 21    XL:     2   Next: 55%
Magic:  1/1        EV:  6    Int:  4    God:    Trog [*.....]
Gold:   51         SH:  0    Dex:  9    Spells: 1/1 levels left

rFire   . . .      SeeInvis .   a - +0 spear
rCold   . . .      Faith    .   (no shield)
rNeg    . . .      Spirit   .   m - +0 plate armour
rPois   .          Reflect  .   (helmet restricted)
rElec   .          Harm     .   (no cloak)
rCorr   .          Rampage  .   (no gloves)
Will    .....                   (no boots)
Stlth   ..........              (no amulet)
HPRegen 0.09/turn               (no ring)
MPRegen 0.07/turn               (no ring)

@: no status effects
A: horns 2, retaliatory headbutt
a: Renounce Religion, Berserk


You were on level 1 of the Dungeon.
You worshipped Trog.
Trog was aware of your devotion.
You visited 1 branch of the dungeon, and saw 1 of its levels.

You collected 51 gold pieces.

Inventory:

Hand Weapons
 a - a +0 spear (weapon)
 b - a +0 hunting sling
Armour
 m - a +0 plate armour (worn)
Scrolls
 d - a scroll of summoning {unknown}
 f - a scroll of magic mapping {unknown}
 g - a scroll of amnesia {unknown}
 i - 2 scrolls of identify {unknown}
 k - a scroll of fear {unknown}
 l - 3 scrolls of enchant armour {unknown}
Potions
 c - a potion of berserk rage {unknown}
 e - a potion of ambrosia {unknown}
 h - a potion of heal wounds {unknown}
 j - a potion of curing {unknown}


   Skills:
 + Level 3.9 Fighting
 + Level 3.9 Polearms
 + Level 2.9 Armour
 + Level 2.5 Dodging


You had one spell level left.
You didn't know any spells.
Your spell library was empty.

Dungeon Overview and Level Annotations

Branches:
Dungeon (1/15)

Altars:

Shops:
D:1 [


Innate Abilities, Weirdness & Mutations

You have a pair of horns on your head.
You reflexively headbutt those who attack you in melee.


Message History

A bat is nearby!
You reach to attack!
You hit the bat.
You kill the bat!
Trog accepts your kill.
You see here a bat corpse.
Key pressed, stopping explore.
No target in view!
You now have 51 gold pieces (gained 11).
Key pressed, stopping explore.
No target in view!
Key pressed, stopping explore.
No target in view!
Key pressed, stopping explore.
No target in view!
Partly explored, can't reach some items.
No target in view!
Partly explored, can't reach some items.
No target in view!
Partly explored, can't reach some items.
No target in view!
Partly explored, can't reach some items.
No target in view!
Partly explored, can't reach some items.
No target in view!
Sorry, I don't know how to get there.
You see here a +0 club.
You see here a bat corpse.
You see here a +0 plate armour.
m - a +0 plate armour You start removing your armour.
You continue taking off your +0 animal skin. x4
You finish taking off your +0 animal skin.
You start putting on your armour.
You continue putting on your +0 plate armour. x5
You finish putting on your +0 plate armour.
You drop a +0 animal skin.
You don't know any spells.
You see here a +0 hunting sling.
b - a +0 hunting sling Are you sure you want to abandon this character and quit the game? (Confirm with "yes".)

############
#..........#
#..........#
#..........#
#..@.......#
#..........#
#####..........#
♣.♣.....##...###
#.......##.#.#
♣.♣.....#########
#.###....##..<..##
♣.♣ #.##.#.......#
#.# #.##.#.......#


There were no monsters in sight!

Vanquished Creatures
  4 bats (D:1)
  2 giant cockroaches (D:1)
  2 goblins (D:1)
  3 hobgoblins (D:1)
  3 ball pythons (D:1)
  A kobold (D:1)
  3 rats (D:1)
18 creatures vanquished.

Notes
Turn   | Place    | Note
-------+----------+-------------------------------------------
     0 | D:1      | yunder69 the Minotaur Berserker began the quest for the
                  | Orb.
     0 | D:1      | Reached XP level 1. HP: 19/19 MP: 0/0
   147 | D:1      | Found a faded altar of an unknown god.
   156 | D:1      | Reached XP level 2. HP: 26/27 MP: 1/1
   165 | D:1      | Found Xukyummos's Antique Armour Shoppe.
   761 | D:1      | Quit the game

Illustrated notes

Levels and vault maps discovered:
D:1:      lemuel_arrival_lava_pool, layout_rooms, serial_forest,
          infiniplex_forest_straight_4, infiniplex_forest_clump_small,
          infiniplex_forest_lined_2, infiniplex_forest_lined_3,
          infiniplex_forest_clump_small, infiniplex_forest_straight_5,
          infiniplex_forest_clump_cross, basic_ecumenical_altar, serial_shops,
          nicolae_diamond_shop

Action                   || total
-------------------------++-------
Melee: Spear             ||    40
       Headbutt          ||     2
 Stab: Sleeping          ||     1
Armor: Animal skin       ||     6
Dodge: Dodged            ||    19

Table legend: (Time is in decaauts)
 A = Elapsed time spent in this place.
 B = Non-inter-level travel time spent in this place.
 C = Inter-level travel time spent in this place.
 D = Time resting spent in this place.
 E = Time spent auto-exploring this place.
 F = Levels seen in this place.
 G = Mean time per level.
                   A        B        C        D        E       F      G
               +--------+--------+--------+--------+--------+-----+--------+
         Total |    757 |    669 |     88 |      0 |    522 |   1 |  757.0 |
       Dungeon |    757 |    669 |     88 |      0 |    522 |   1 |  757.0 |
               +--------+--------+--------+--------+--------+-----+--------+

Top non-repeatable levels by time:
     D:1: 757 daAuts
